 Dungeon Crawl Stone Soup version 0.29-a0-330-g52719c12eb (webtiles) character file.

Game seed: 15820233107928557413

210 kae the Insei (level 5, 0/57 (63) HPs)
             Began as a Demigod Transmuter on Apr 23, 2022.
             Slain by a necrophage (3 damage)
             ... on level 4 of the Dungeon.
             The game lasted 00:03:09 (4735 turns).

kae the Insei (Demigod Transmuter)                  Turns: 4735, Time: 00:03:10

HP:   0/57 (63)     AC: 22    Str: 11    XL:     5   Next: 30%
MP:   0/12          EV:  2    Int: 19    God:
Gold: 95            SH:  0    Dex: 16    Spells: 3/9 levels left

rFire   . . .      SeeInvis .     - Unarmed
rCold   . . .      Faith    .   (no shield)
rNeg    . . .      Spirit   +   (body armour currently unavailable)
rPois   +          Reflect  .   (helmet currently unavailable)
rElec   .          Harm     .   (cloak currently unavailable)
rCorr   .          Rampage  .   (gloves currently unavailable)
Will    .....      NoTele   +   (boots currently unavailable)
Stlth   +.........              m - amulet of guardian spirit
HPRegen 0.19/turn               h - ring of wizardry
MPRegen 0.13/turn               (no ring)

@: tree-form, wereblooded, drained
A: stationary, stasis, torment immunity, boosted hp, high MP 1, forlorn, divine
attributes, agile 1
a: no special abilities


You were on level 4 of the Dungeon.
You were a tree.
You visited 1 branch of the dungeon, and saw 4 of its levels.

You collected 95 gold pieces.

Inventory:

Armour
 a - a +1 robe (melded)
Jewellery
 h - a ring of wizardry (left branch)
 k - a ring of ice
 m - an amulet of guardian spirit (around neck)
Scrolls
 c - a scroll of enchant armour
 d - a scroll of noise {unknown}
Potions
 f - a potion of mutation
 n - a potion of flight
 p - a potion of might {unknown}


   Skills:
 + Level 2.4 Fighting
 - Level 1.7 Dodging
 + Level 3.6 Unarmed Combat
 + Level 2.8 Spellcasting
 + Level 3.0 Transmutations
 - Level 1.0 Poison Magic


You had 3 spell levels left.
You knew the following spells:

 Your Spells              Type           Power      Damage    Failure   Level
a - Beastly Appendage     Tmut           28%        N/A       1%          1
b - Wereblood             Tmut           14%        N/A       2%          2
c - Spider Form           Tmut/Pois      10%        N/A       9%          3

Your spell library contained the following spells:

 Spells                   Type           Power      Damage    Failure   Level
 Ice Form                 Ice/Tmut       8%         N/A       32%         4


Dungeon Overview and Level Annotations

Branches:
Dungeon (4/15)
 Temple: D:4-7

Shops:
D:1 !

Annotations:
D:3 2 runed translucent doors, Crazy Yiuf, Grinder, Terence


Innate Abilities, Weirdness & Mutations

You are a tree.
Your roots penetrate the ground, keeping you stationary.
You cannot be teleported.
You are immune to unholy pain and torment.
Your maximum health is greatly increased.
Your equipment is partially melded.
You have an increased reservoir of magic. (+10% MP)
You shall have no god before yourself.
Your divine heritage dramatically boosts your attributes as you level up.
You are agile. (Dex +2)


Message History

You hit the necrophage but do no damage.
The necrophage is moderately damaged.
The goblin hits you with a +0 dagger. The necrophage hits you.
You feel drained.
You are too injured to fight recklessly!
Casting: Spider Form (quite dangerous; 17% risk of failure)
Confirm with . or Enter, or press ? or * to list all spells.
Your blood is infused with primal strength.
The goblin misses you. The necrophage closely misses you.
The goblin misses you. The necrophage hits you!
You hit the goblin.
The goblin is poisoned.
The goblin is moderately wounded.
The necrophage hits you.
* * * LOW HITPOINT WARNING * * *
The goblin misses you.
You hit the goblin.
You feel a bit better.
You kill the goblin!
You hiss as the wereblood boils in your veins!
The necrophage misses you.
Your Transmutations skill increases to level 3!
You completely miss the necrophage.
The necrophage is moderately damaged.
Your transformation has ended.
Your +1 robe unmelds from your body.
The necrophage hits you.
* * * LOW HITPOINT WARNING * * *
You feel drained.
* * * LOW HITPOINT WARNING * * *
You hit the necrophage.
The necrophage is heavily damaged.
The necrophage hits you.
* * * LOW HITPOINT WARNING * * *
Really quaff the potion of lignification?
You turn into a tree.
Your +1 robe melds into your body.
Your roots penetrate the ground.
You creak as the wereblood boils in your veins!
The necrophage hits you but does no damage.
You hit the necrophage.
The necrophage is severely damaged.
The necrophage hits you.
You die...

#######
#######†....#
#.......###'#######
#.####..#<.........
#..#..........
#..#..........
#.♣#..........
#...n)..........
#......#+#######
#........
###..#.#..
#..#.#..# #..###
... .... ##


You could see a necrophage.

Vanquished Creatures
  An orc priest (D:3)
  An orc wizard (D:3)
  Robin (D:2)
  An adder (D:2)
  3 gnolls (D:3)
  3 worms
  2 dart slugs (D:2)
  2 orcs (D:3)
  6 bats
  4 endoplasms
  4 giant cockroaches
  15 goblins
  10 hobgoblins
  8 jackals
  3 kobolds
  A quokka (D:3)
  7 ball pythons
  4 frilled lizards
  A goblin zombie (D:3)
  11 rats
88 creatures vanquished.

Vanquished Creatures (others)
  A fungus (D:3)
  9 plants (D:3)
10 creatures vanquished.

Grand Total: 98 creatures vanquished

Notes
Turn   | Place    | Note
-------+----------+-------------------------------------------
     0 | D:1      | kae the Demigod Transmuter began the quest for the Orb.
     0 | D:1      | Reached XP level 1. HP: 15/15 MP: 5/5
    46 | D:1      | Reached skill level 1 in Fighting
   580 | D:1      | Reached XP level 2. HP: 23/23 MP: 5/7
   583 | D:1      | Learned a level 2 spell: Wereblood
  1045 | D:1      | Found Ytsude's Distillery.
  1230 | D:1      | Reached XP level 3. HP: 27/28 MP: 6/8
  1234 | D:1      | Learned a level 3 spell: Spider Form
  2233 | D:2      | Noticed Robin
  2255 | D:2      | Killed Robin
  2256 | D:2      | Reached XP level 4. HP: 36/36 MP: 8/10
  2557 | D:2      | Reached skill level 1 in Poison Magic
  3382 | D:3      | Found a runed translucent door.
  3382 | D:3      | Noticed a human
  3511 | D:3      | Noticed Grinder
  3524 | D:3      | Noticed Terence
  3525 | D:3      | Reached XP level 5. HP: 11/42 MP: 2/11
  3532 | D:3      | Gained mutation: You are agile. (Dex +2) [potion of
                  | mutation]
  3946 | D:3      | Paralysed by Grinder for 7 turns
  4449 | D:3      | Found a runed translucent door.
  4450 | D:3      | Noticed Crazy Yiuf
  4735 | D:4      | Slain by a necrophage

Illustrated notes

Levels and vault maps discovered:
D:1:      erik_arrival_orb_chamber, layout_basic,
          hellmonk_ecumenical_altar_slurped_away, serial_shops,
          nicolae_shop_advertising_works [nicolae_subvault_shop_adworks],
          minmay_pentomino_p4
D:2:      minmay_recursive_quarters, layout_rooms, uniq_robin
D:3:      layout_loops_ring, nicolae_hepliaklqana_hazy_memory,
          dk_yredelemnul_ordeal, uniq_grinder, uniq_terence,
          uniq_crazy_yiuf_cottage
D:4:      layout_basic, mainiacjoe_overflow_boulevard,
          gammafunk_ghost_abyssal_escape, minmay_lizard_king

Skill      XL: |  1  2  3  4  5 |
---------------+----------------+-----
Fighting       | 1 2 |  2.4
Transmutations | 2 3 |  3.0
Spellcasting   | 2 |  2.8
Unarmed Combat | 3 |  3.6
Poison Magic   | 1 |  1.0
Dodging        | |  1.7

Action                   |  1- 3 |  4- 6 || total
-------------------------+-------+-------++-------
Melee: Unarmed           |   134 |    99 ||   233
       Kick              |    27 |    10 ||    37
       Headbutt          |    13 |     4 ||    17
       Punch             |     3 |       ||     3
 Cast: Beastly Appendage |    28 |    11 ||    39
       Wereblood         |     8 |    11 ||    19
       Spider Form       |       |    10 ||    10
  Use: Potion            |     1 |     4 ||     5
       Scroll            |       |     8 ||     8
 Stab: Sleeping          |     1 |       ||     1
Armor: Robe              |    32 |     8 ||    40
       Skin              |    22 |     2 ||    24
Dodge: Dodged            |   104 |    67 ||   171

Table legend: (Time is in decaauts)
 A = Elapsed time spent in this place.
 B = Non-inter-level travel time spent in this place.
 C = Inter-level travel time spent in this place.
 D = Time resting spent in this place.
 E = Time spent auto-exploring this place.
 F = Levels seen in this place.
 G = Mean time per level.
                   A        B        C        D        E       F      G
               +--------+--------+--------+--------+--------+-----+--------+
         Total |   4723 |   4598 |    125 |    885 |   2945 |   4 | 1180.8 |
       Dungeon |   4723 |   4598 |    125 |    885 |   2945 |   4 | 1180.8 |
               +--------+--------+--------+--------+--------+-----+--------+

Top non-repeatable levels by time:
     D:1: 1827 daAuts
     D:2: 1551 daAuts
     D:3: 1305 daAuts
     D:4: 38 daAuts
